Map: Ascension to Aiur LE

Players

Dessa

  • Race: Zerg Zerg
  • League: Diamond
  • Spawn Location: 11:00

SullY - Winner!

  • Race: Zerg Zerg
  • League: Diamond
  • Spawn Location: 5:00

VOD

Have the link to the VOD?

Description

Time

  • Played on: Jan. 14, 2018, 1:10 p.m.
  • Length: 3:44
Show
View Real Time Build Order
Export as new Build Order

Dessa Zerg 

Build Orders: Pool First 

Get SALT Encoding   

  12  0:00  Drone  
  13  0:12  Overlord  
  13  0:17  Drone  
  14  0:30  Drone  
  14  0:31  Drone  
  14  0:34  Drone  
  17  0:45  Drone, Extractor  
  17  0:52  Spawning Pool  
  16  0:58  Drone  
  17  1:18  Hatchery  
  16  1:22  Drone  
  17  1:26  Drone  
  18  1:33  Overlord  
  18  1:45  Queen  
  20  1:52  Metabolic Boost  
  20  1:56  Zergling x2  
  20  1:59  Zergling x2  
  22  2:03  Zergling x2  
  23  2:11  Zergling x2  
  24  2:22  Zergling x2  
  25  2:32  Zergling x2  
  25  2:34  Zergling x2  
  25  2:47  Zergling x4  
  26  2:55  Zergling x2  
  26  2:57  Zergling x2  
  24  3:20  Baneling Nest, Hatchery  
  24  3:24  Zergling x4  
Show
View Real Time Build Order
Export as new Build Order

SullY Zerg - Winner!

Build Orders: Pool First 

Get SALT Encoding   

  12  0:04  Drone  
  13  0:12  Extractor  
  12  0:26  Spawning Pool  
  11  0:29  Drone  
  11  0:33  Drone  
  13  0:46  Overlord  
  13  0:53  Drone  
  14  1:14  Metabolic Boost  
  14  1:16  Zergling x4  
  14  1:18  Zergling x2  
  17  1:27  Zergling x2  
  18  1:36  Queen  
  18  1:39  Zergling x2  
  21  2:00  Hatchery  
  20  2:09  Overlord  
  20  2:12  Drone  
  19  2:38  Zergling x6  
  22  2:48  Queen  
  24  2:55  Zergling x6  
  27  3:02  Zergling x2  
  27  3:12  Drone  
  28  3:20  Zergling x6  
  28  3:21  Zergling x2  
Tags
 
Add a new tag
Caveats
  • Supply blocks, unpowered buildings, or Contaminate may cause inaccurate times.
  • Supply counts are checked every 10 seconds.